 Dungeon Crawl Stone Soup version 0.20.1-1-g8b1a95d (webtiles) character file.

13608 letownia2 the Reanimator (level 11, -2/94 HPs)
             Began as a Deep Dwarf Necromancer on Oct 31, 2017.
             Was an Initiate of Gozag.
             Slain by an ice devil (6 damage)
             ... in an ice cave.
             The game lasted 00:44:27 (12772 turns).

letownia2 the Reanimator (Deep Dwarf Necromancer)  Turns: 12772, Time: 00:44:29

Health: -2/94      AC: 15    Str: 13    XL:     11   Next: 77%
Magic:  24/24      EV:  8    Int: 18    God:    Gozag
Gold:   603        SH:  2    Dex: 13    Spells: 17/28 levels left

rFire    . . .     SeeInvis .   f - +1 war axe (vamp)
rCold    + + .     Gourm    .   (no shield)
rNeg     . . .     Faith    .   b - +0 chain mail {rC+}
rPois    .         Spirit   .   h - +0 helmet
rElec    .         Reflect  +   A - +0 cloak
rCorr    .         Harm     .   p - +2 pair of gloves
MR       +....                  (no boots)
Stlth    ..........             x - +2 amulet of reflection
Regen    0.0/turn               e - ring of protection from cold
MPRegen  0.2/turn               m - ring of stealth

@: non-regenerating
A: damage resistance, heal wounds, sense surroundings 2, no regeneration
a: Heal Wounds, Potion Petition, Call Merchant, Bribe Branch, Renounce Religion


You were in an ice cave.
You worshipped Gozag.
Gozag was pleased with you.
You were not hungry.

You visited 1 branch of the dungeon, and saw 11 of its levels.
You also visited: Sewer, Ossuary and Ice Cave.

You collected 3211 gold pieces.
You spent 149 gold pieces at shops.
You paid 2459 gold pieces to Gozag.

Inventory:

Hand Weapons
 d - a +0 bardiche of freezing
 f - a +1 vampiric war axe (weapon)
 i - a +2 quick blade of freezing
 n - a +0 lajatang
 y - a +2 quarterstaff of chaos
 S - a +0 battleaxe
Missiles
 l - 5 tomahawks (quivered)
 P - a throwing net
 W - 6 javelins
Armour
 b - a +0 chain mail of cold resistance (worn)
 h - a +0 helmet (worn)
 p - a +2 pair of gloves (worn)
 A - a +0 cloak (worn)
 F - a +0 scale mail
Magical Staves
 a - an uncursed staff of power {unknown}
Jewellery
 e - a ring of protection from cold (left hand)
 m - a ring of stealth (right hand)
 x - a +2 amulet of reflection (around neck)
Wands
 N - a wand of confusion (13/48)
 V - a wand of polymorph (2/24)
 X - a wand of disintegration (0/24)
 Z - a wand of digging (5/24)
Scrolls
 k - 6 scrolls of remove curse
 o - 4 scrolls of teleportation
 q - 3 scrolls of recharging
 r - 3 scrolls of enchant armour {unknown}
 s - 4 scrolls of fear {unknown}
 v - 2 scrolls of enchant weapon {IMPORT, unknown}
 w - 4 scrolls of blinking {unknown}
 C - 2 scrolls of magic mapping {unknown}
 D - a scroll of noise {unknown}
 G - 2 scrolls of immolation {unknown}
 M - 6 scrolls of random uselessness {unknown}
 Q - a scroll of amnesia {unknown}
 U - 3 scrolls of fog {unknown}
Potions
 g - a potion of berserk rage
 j - 2 potions of lignification
 u - a potion of curing
 z - 3 potions of mutation
 B - a potion of might
 E - 3 potions of magic
 H - 2 potions of brilliance
 I - a potion of ambrosia
 J - a potion of agility
 K - a potion of flight
Comestibles
 c - 7 bread rations
 t - 2 fruits


   Skills:
 - Level 5.1 Fighting
 + Level 10.1 Axes
 - Level 5.0 Armour
 - Level 5.2 Dodging
 - Level 2.6 Stealth
 - Level 9.1 Spellcasting
 - Level 10.3 Necromancy
 - Level 6.0 Evocations


You had 17 spell levels left.
You knew the following spells:

 Your Spells              Type           Power        Failure   Level  Hunger
a - Pain                  Necr           ####         3%          1    None
i - Inner Flame           Hex/Fire       #.......     100%        3    None
j - Portal Projectile     Hex/Tloc       #.....       100%        3    None
v - Vampiric Draining     Necr           #####.....   10%         3    None
z - Summon Butterflies    Summ           #.......     92%         1    None


Dungeon Overview and Level Annotations

Branches:
Dungeon (11/15)            Temple (0/1) D:6            Lair (0/6) D:9
    Orc (0/2) D:10

Altars:
Ashenzari
Cheibriados
Fedhas
Gozag
Hepliaklqana
Okawaru
Qazlal
Ru
Sif Muna
Trog
Uskayaw
Yredelemnul

Shops:
D:7 [   D:8 ?   D:9 =   D:11 [

Annotations:
D:3 Ymberto's ghost, amateur DECj
D:7 DIG
D:9 Pikel
D:11 Folque's ghost, novice OpWz; Nergalle


Innate Abilities, Weirdness & Mutations

You are resistant to damage.
You can heal yourself by infusing magical energy.
You passively map the area around you.
You do not regenerate.


Message History

The ice devil hits you but does no damage.
You hit the ice devil but do no damage.
The ice devil is lightly wounded.
The ice devil closely misses you.
You slash the ice devil!
The ice devil is moderately wounded.
You block the ice devil's attack.
You slash the ice devil!
The ice devil is heavily wounded.
The ice devil hits you but does no damage.
Your chain mail prevents you from hitting the ice devil.
The ice devil is heavily wounded.
The ice devil hits you but does no damage.
You hit the ice devil but do no damage.
The ice devil is heavily wounded.
The ice devil hits you!
* * * LOW HITPOINT WARNING * * *
The ice devil freezes you! You resist.
You die...
Your body crumbles into a pile of gold.

###### ###....###
###........##
##....###....##
###4..###.###...#
##.@####....##...#
#...##.....##..#####
#..###............#.
##...##...##...§....
##...###########§§.
##.4.### ≈ ####
###.4.###### #
##.......##
###......§§4.§#


You could see an ice devil.

Vanquished Creatures
  2 two-headed ogres
  2 ice statues (IceCv)
  5 gargoyles (D:7)
  4 ice devils (IceCv)
  2 trolls (D:9)
  2 hippogriffs
  A redback (shapeshifter) (D:7)
  Sigmund (D:2)
  A spriggan (D:8)
  Eustachio (D:6)
  A wyvern (D:9)
  2 humans
  A hungry ghost (D:8)
  A warg (D:10)
  A water moccasin (D:7)
  2 orc warriors
  5 phantoms
  5 sky beasts
  A slave (D:8)
  2 black bears
  A necrophage (D:7)
  7 ogres
  2 eyes of draining (D:6)
  3 wolves (D:9)
  5 centaurs
  2 crocodiles
  2 elf zombies (Ossuary)
  11 bullfrogs
  A big kobold (D:6)
  A gnoll sergeant (D:7)
  A water moccasin skeleton (D:8)
  17 killer bees
  3 scorpions
  5 howler monkeys
  3 electric eels (D:9)
  3 crimson imps
  2 bullfrog zombies
  9 hounds
  5 orc priests
  Crazy Yiuf (D:2)
  2 centaur skeletons
  A human zombie (Ossuary)
  4 iguanas
  Jessica (D:2)
  3 orc wizards
  8 worker ants
  A big kobold zombie (Ossuary)
  2 hound zombies (Ossuary)
  3 mummies (Ossuary)
  A hound skeleton (D:4)
  A howler monkey zombie (D:8)
  A worker ant zombie (D:8)
  A river rat (D:6)
  13 adders
  13 gnolls
  3 shadow imps
  21 white imps
  7 ufetubi (IceCv)
  14 oozes
  5 adder zombies
  2 worms
  18 leopard geckos
  18 orcs
  10 ball pythons
  12 giant cockroaches
  9 hobgoblins
  9 jackals
  6 kobolds
  3 quokkas
  9 bats
  11 frilled lizards
  3 gnoll zombies (Ossuary)
  8 goblins
  4 goblin zombies (Ossuary)
  2 hobgoblin zombies (Ossuary)
  A jackal skeleton (D:7)
  2 jackal zombies (Ossuary)
  2 kobold zombies (Ossuary)
  2 orc zombies (Ossuary)
  7 quokka zombies (Ossuary)
  10 rats
  4 rat zombies (Ossuary)
  A plant (D:1)
384 creatures vanquished.

Vanquished Creatures (collateral kills)
  An ice devil (IceCv)
  A white imp (IceCv)
2 creatures vanquished.

Vanquished Creatures (others)
  A white imp (IceCv)
  2 ufetubi (IceCv)
3 creatures vanquished.

Grand Total: 389 creatures vanquished

Notes
Turn   | Place    | Note
-------+----------+-------------------------------------------
     0 | D:1      | letownia2 the Deep Dwarf Necromancer began the quest for the Orb.
     0 | D:1      | Reached XP level 1. HP: 15/15 MP: 3/3
   293 | D:2      | Noticed a human
   294 | D:2      | Found a runed door.
   321 | D:2      | Reached XP level 2. HP: 22/22 MP: 0/4
   377 | D:2      | Reached skill level 5 in Necromancy
   430 | D:2      | Found a basalt altar of Yredelemnul.
   457 | D:3      | Noticed an ogre
   471 | D:3      | Reached XP level 3. HP: 26/28 MP: 2/6
   476 | D:3      | Learned a level 3 spell: Vampiric Draining
   867 | D:4      | Found an opulent altar of Gozag.
   886 | D:4      | Became a worshipper of Gozag Ym Sagoz the Greedy
   926 | D:4      | Reached XP level 4. HP: 22/36 MP: 0/8
  1224 | D:4      | Reached XP level 5. HP: 25/42 MP: 3/9
  1264 | D:4      | Reached skill level 1 in Axes
  1483 | D:4      | Reached XP level 6. HP: 14/49 MP: 7/10
  1613 | D:2      | Noticed Sigmund
  1715 | D:3      | Noticed Ymberto's ghost (amateur DECj)
  2936 | D:2      | Killed Sigmund
  2936 | D:2      | Reached skill level 1 in Fighting
  2936 | D:2      | Reached XP level 7. HP: 35/57 MP: 1/12
  3087 | D:2      | Killed a human
  3303 | D:2      | Noticed Jessica
  3304 | D:2      | Killed Jessica
  3381 | D:2      | Found a runed door.
  3426 | D:2      | Noticed Crazy Yiuf
  3431 | D:2      | Killed Crazy Yiuf
  4023 | D:4      | Reached skill level 1 in Armour
  4125 | D:4      | Reached XP level 8. HP: 47/67 MP: 4/14
  4286 | D:5      | Entered Level 5 of the Dungeon
  4909 | D:6      | Found a sacrificial altar of Ru.
  4909 | D:6      | Found an iron altar of Okawaru.
  4909 | D:6      | Noticed Eustachio
  4926 | D:6      | Found a glowing drain.
  4938 | Sewer    | Entered a sewer
  5111 | Sewer    | Reached skill level 5 in Spellcasting
  5334 | D:6      | Found a sand-covered staircase.
  5339 | Ossuary  | Entered an ossuary
  5972 | D:6      | Gained mutation: You passively map the area around you. [Deep Dwarf growth]
  5972 | D:6      | Reached XP level 9. HP: 64/76 MP: 3/18
  6014 | D:6      | Found a bloodstained altar of Trog.
  6091 | D:6      | Found a staircase to the Ecumenical Temple.
  6267 | D:6      | Found a snail-covered altar of Cheibriados.
  6453 | D:6      | Found a shattered altar of Ashenzari.
  6468 | D:6      | Killed Eustachio
  6534 | D:7      | Found a bloodstained altar of Trog.
  6550 | D:7      | Reached skill level 1 in Evocations
  6805 | D:7      | Found a hide-covered altar of Uskayaw.
  6896 | D:7      | Found a blossoming altar of Fedhas.
  6898 | D:7      | Found a hazy altar of Hepliaklqana.
  6898 | D:7      | Found a deep blue altar of Sif Muna.
  6993 | D:7      | Found a snail-covered altar of Cheibriados.
  7188 | D:7      | Found a stormy altar of Qazlal.
  7203 | D:7      | Found Susaos's Armour Shoppe.
  7214 | D:7      | Reached skill level 5 in Evocations
  7571 | D:8      | Reached XP level 10. HP: 67/84 MP: 6/22
  7876 | D:8      | Noticed Psyche
  7882 | D:8      | Noticed Psyche
  7882 | D:8      | Psyche changed into Psyche the crocodile
  7888 | D:8      | Killed Psyche the crocodile
  8220 | D:8      | Reached skill level 5 in Axes
  8457 | D:8      | Found a basalt altar of Yredelemnul.
  8712 | D:7      | Noticed a gargoyle
  8712 | D:7      | Noticed a gargoyle
  8712 | D:7      | Noticed a gargoyle
  8779 | D:7      | Killed a gargoyle
  8866 | D:8      | Noticed a two-headed ogre
  8887 | D:8      | Killed a two-headed ogre
  9270 | D:7      | Noticed a gargoyle
  9271 | D:7      | Killed a gargoyle
  9279 | D:7      | Killed a gargoyle
  9321 | D:7      | Noticed a gargoyle
  9321 | D:7      | Killed a gargoyle
  9322 | D:7      | Noticed a gargoyle
  9323 | D:7      | Killed a gargoyle
  9323 | D:7      | Reached XP level 11. HP: 55/91 MP: 24/24
  9476 | D:9      | Reached skill level 5 in Dodging
  9508 | D:9      | Noticed a two-headed ogre
  9518 | D:9      | Killed a two-headed ogre
  9518 | D:9      | Reached skill level 5 in Armour
  9626 | D:9      | Noticed Pikel
  9775 | D:9      | Learned a level 1 spell: Summon Butterflies
  9779 | D:9      | Learned a level 3 spell: Inner Flame
  9783 | D:9      | Learned a level 3 spell: Portal Projectile
 10022 | D:9      | Reached skill level 10 in Necromancy
 10128 | D:9      | Found a staircase to the Lair.
 10910 | D:10     | Entered Level 10 of the Dungeon
 11197 | D:10     | Found a staircase to the Orcish Mines.
 11252 | D:10     | Reached skill level 5 in Fighting
 11754 | D:11     | Found a frozen archway.
 11834 | D:11     | Noticed a purple ugly thing
 11890 | D:7      | Bought a +0 chain mail of cold resistance for 149 gold pieces
 12045 | D:11     | Noticed Folque's ghost (novice OpWz)
 12117 | D:11     | Noticed Nergalle
 12122 | D:11     | Noticed a spectral orc warlord
 12173 | IceCv    | Entered an ice cave
 12639 | IceCv    | Reached skill level 10 in Axes
 12772 | IceCv    | HP: 4/94 [ice devil (9)]
 12772 | IceCv    | Slain by an ice devil

Skill      XL: |  1  2  3  4  5  6  7  8  9 10 11 |
---------------+----------------------------------+-----
Spellcasting   | 2 3 4 6 8 9 |  9.1
Necromancy     | 5 6 7 8 9 10 | 10.3
Axes           | 2 3 4 6 10 | 10.1
Fighting       | 1 2 3 4 5 |  5.1
Armour         | 2 4 5 |  5.0
Evocations     | 5 6 |  6.0
Dodging        | 4 5 |  5.2
Stealth        | |  2.6

Action                   |  1- 3 |  4- 6 |  7- 9 | 10-12 || total
-------------------------+-------+-------+-------+-------++-------
Melee: Hand axe          |     3 |    55 |   345 |   292 ||   695
       War axe           |       |       |       |   256 ||   256
Throw: Tomahawk          |       |     3 |     1 |     5 ||     9
 Cast: Pain              |    41 |    81 |   217 |    82 ||   421
       Vampiric Draining |     1 |    13 |    49 |   108 ||   171
Invok: Call Merchant     |       |       |       |     3 ||     3
Evoke: Wand              |       |       |       |    40 ||    40
       Box of beasts     |       |       |       |     2 ||     2
  Use: Scroll            |       |       |     6 |    11 ||    17
       Potion            |       |       |       |    12 ||    12
 Stab: Sleeping          |       |       |     7 |       ||     7
       Distracted        |       |       |     1 |     4 ||     5
       Confused          |       |       |       |     2 ||     2
  Eat: Chunk             |     1 |       |       |     2 ||     3
       Fruit             |       |     2 |    10 |     4 ||    16
       Bread ration      |       |     1 |     2 |     2 ||     5
       Meat ration       |       |       |     1 |     1 ||     2
Armor: Robe              |     1 |       |       |       ||     1
       Leather armour    |     4 |     8 |       |       ||    12
       Ring mail         |       |     8 |   154 |   132 ||   294
       Chain mail        |       |       |       |   165 ||   165
       Scale mail        |       |       |       |    74 ||    74
Dodge: Dodged            |     8 |    31 |   232 |   390 ||   661
Block: Other             |       |       |    25 |    43 ||    68
       Reflection        |       |       |     1 |       ||     1
